AoeStats
← ßonera

Lombardia

509469371Analyzed
4v4 RM · 5d ago on Sep 26, 2026· 54m 33s· 8 players
Game mode
Random Map
Map size
Large (8 player)
Population
200
Speed
Normal
Resources
Standard
Victory
Conquest
Starting age
Dark Age
Ending age
Imperial Age
RankedLock teamsTeams togetherTeam positionsShared explorationLock speedFull tech treeHidden civsTurbo modeCheats
Victory
Defeat
🇺🇾 Wu · Uruguay
868
+15
🇺🇾 Cumans · Uruguay
844
+16
🇭🇺 Franks · Hungary
820
+17
🇹🇷 Spanish · Türkiye
780
+19
🇦🇷 Malians · Argentina
940
-20
🇦🇷 Franks · Argentina
889
-45
🇯🇵 Huns · Japan
804
-15
🇨🇱 Khmer · Chile
763
-13
ßonera
9:42 Feudal Age
18:49 Castle Age
17:45 Double-Bit Axe
18:14 Forging
19:34 Loom
20:27 Husbandry
20:31 Gold Mining
21:23 Scale Barding Armor
23:32 Stone Mining
26:43 Wheelbarrow
28:14 Gold Shaft Mining
31:32 Imperial Age
28:54 Town Watch
31:48 Hand Cart
31:56 Bow Saw
32:38 Iron Casting
32:23 Chain Barding Armor
32:25 Town Patrol
33:49 Conscription
33:29 Cavalier
35:56 Blast Furnace
35:32 Plate Barding Armor
35:28 Chivalry
36:56 Paladin
40:03 Heavy Scorpion
41:11 Ballistics
41:53 Chemistry
40:51 Murder Holes
42:25 Fletching
47:29 Caravan
48:00 Coinage
Blacklovess
10:37 Feudal Age
11:18 Double-Bit Axe
18:01 Castle Age
18:10 Stone Mining
18:09 Horse Collar
19:36 Stone Mining
21:01 Bow Saw
22:51 Heavy Plow
23:50 Loom
25:53 Wheelbarrow
25:41 Ballistics
28:41 Hand Cart
28:37 Gold Mining
28:53 Pikeman
29:34 Squires
31:48 Forging
31:38 Scale Mail Armor
34:57 Imperial Age
33:03 Gambesons
35:04 Husbandry
35:15 Bloodlines
36:01 Iron Casting
36:06 Conscription
37:09 Chemistry
36:01 Halberdier
37:34 Caravan
41:09 Stone Shaft Mining
40:57 Bombard Tower
40:56 Block Printing
42:36 Blast Furnace
41:52 Chain Mail Armor
41:25 Arson
43:26 Elite Conquistador
44:08 Inquisition
Mateikos
5:01 Loom
11:40 Feudal Age
13:44 Double-Bit Axe
16:44 Castle Age
14:29 Horse Collar
18:14 Bow Saw
19:53 Wheelbarrow
20:18 Heavy Plow
22:51 Hand Cart
23:44 Gold Mining
24:36 Scale Barding Armor
25:18 Fervor
26:44 Chain Barding Armor
26:54 Stone Mining
27:40 Gold Shaft Mining
26:58 Town Watch
27:57 Forging
29:51 Iron Casting
32:59 Imperial Age
32:03 Bloodlines
31:58 Husbandry
32:33 Caravan
33:45 Stone Shaft Mining
34:08 Heavy Hei Guang Cavalry
35:28 Plate Barding Armor
35:54 Blast Furnace
35:20 Conscription
36:23 Chemistry
Purpleskull
3:58 Loom
10:29 Feudal Age
11:18 Town Watch
12:15 Double-Bit Axe
15:53 Wheelbarrow
24:59 Castle Age
23:31 Horse Collar
24:32 Scale Barding Armor
26:09 Hand Cart
25:56 Heavy Plow
27:39 Bow Saw
31:32 Forging
31:35 Gold Mining
37:38 Imperial Age
36:16 Iron Casting
36:49 Murder Holes
36:45 Heated Shot
37:22 Ballistics
36:57 Stone Mining
37:42 Gold Shaft Mining
37:40 Bloodlines
38:01 Chain Barding Armor
38:46 Steppe Husbandry
38:59 Steppe Husbandry
39:47 Plate Barding Armor
40:12 Blast Furnace
40:15 Two-Man Saw
39:27 Elite Steppe Lancer
41:22 Crop Rotation
41:24 Town Patrol
42:12 Caravan
43:07 Capped Ram
44:11 Cavalier
45:57 Pikeman
46:38 Squires
46:44 Scale Mail Armor
48:06 Halberdier
naps
0:31 Loom
12:19 Feudal Age
16:54 Castle Age
15:36 Double-Bit Axe
19:05 Wheelbarrow
22:01 Caravan
24:13 Hand Cart
26:15 Town Watch
31:34 Imperial Age
29:47 Horse Collar
30:07 Gold Mining
30:10 Stone Mining
32:14 Bow Saw
33:20 Heavy Plow
35:24 Double Crossbow
35:16 Heavy Scorpion
37:04 Chemistry
36:10 Siege Engineers
38:50 Forging
38:46 Scale Barding Armor
39:17 Conscription
40:10 Crop Rotation
39:17 Light Cavalry
40:08 Bloodlines
39:58 Husbandry
40:41 Hussar
42:09 Gold Shaft Mining
43:55 Murder Holes
45:49 Capped Ram
47:09 Iron Casting
46:56 Chain Barding Armor
49:24 Blast Furnace
gauchoaleman
11:30 Feudal Age
12:06 Town Watch
15:52 Bloodlines
18:28 Double-Bit Axe
21:32 Castle Age
21:09 Scale Barding Armor
21:16 Forging
23:54 Town Patrol
23:39 Loom
24:51 Husbandry
29:17 Wheelbarrow
28:27 Horse Collar
31:20 Wheelbarrow
35:57 Imperial Age
37:14 Conscription
37:06 Gold Mining
38:07 Bow Saw
39:14 Heavy Camel Rider
40:18 Ballistics
40:59 Chemistry
40:29 Farimba
42:54 Murder Holes
43:13 Masonry
46:32 Elite Skirmisher
47:17 Thumb Ring
Madness
5:38 Loom
11:47 Feudal Age
14:44 Double-Bit Axe
21:02 Castle Age
20:09 Stone Mining
20:10 Gold Mining
20:58 Scale Barding Armor
20:55 Scale Mail Armor
24:13 Bow Saw
26:35 Gold Shaft Mining
26:11 Town Watch
27:02 Wheelbarrow
31:28 Gold Shaft Mining
31:57 Hand Cart
35:24 Town Patrol
38:34 Imperial Age
37:14 Chain Mail Armor
37:19 Chain Barding Armor
37:31 Murder Holes
39:06 Masonry
39:29 Town Patrol
39:07 Elite Throwing Axeman
40:39 Caravan
41:20 Chivalry
43:17 Plate Mail Armor
43:22 Plate Barding Armor
42:11 Cavalier
42:52 Husbandry
46:58 Paladin
51:35 Architecture
tabinoko
11:43 Feudal Age
13:04 Wheelbarrow
12:13 Horse Collar
13:01 Double-Bit Axe
18:17 Gold Mining
21:51 Castle Age
19:54 Stone Mining
22:48 Hand Cart
22:49 Bow Saw
22:43 Heavy Plow
22:48 Town Watch
24:10 Caravan
28:26 Town Patrol
33:56 Imperial Age
33:32 Coinage
33:17 Scale Barding Armor
33:04 Fletching
33:14 Scale Mail Armor
33:15 Padded Archer Armor
33:25 Forging
34:38 Loom
35:17 Chain Barding Armor
34:52 Bodkin Arrow
34:55 Murder Holes
36:01 Chemistry
35:12 Masonry
37:14 Pikeman
37:55 Squires
38:38 Plate Barding Armor
38:19 Chain Mail Armor
38:19 Leather Archer Armor
38:40 Iron Casting
38:30 Ballistics
40:25 Bracer
41:35 Two-Man Saw
40:25 Light Cavalry
41:15 Bloodlines
41:07 Husbandry
40:27 Cavalier
40:32 Halberdier
41:26 Hussar
42:26 Guilds
43:10 Gold Shaft Mining
42:42 Elite Skirmisher
46:47 Conscription
45:48 Elite Tarkan
46:28 Marauders
46:49 Atheism
Connection lost

Rejoining the realm…

Still unreachable

The connection could not be restored.

Session expired

The server has moved on; the page needs a fresh start.